 Dungeon Crawl Stone Soup version 0.25.0-26-g0c896c7088 (webtiles) character file.

Game seed: 7371196637968985491

80 Exodus22XD the Sneak (level 4, -2/29 HPs)
             Began as an Octopode Assassin on July 4, 2020.
             Slain by a hobgoblin
             ... wielding a +0 club
             ... led by Robin
              (3 damage)
             ... on level 2 of the Dungeon.
             The game lasted 00:02:10 (1657 turns).

Exodus22XD the Sneak (Octopode Assassin)            Turns: 1657, Time: 00:02:11

Health: -2/29      AC:  1    Str: 10    XL:     4   Next: 39%
Magic:  13/13      EV: 13    Int: 13    God:
Gold:   79         SH:  0    Dex: 14    Spells: 3/3 levels left

rFire    . . .     SeeInvis .   a - +2 dagger
rCold    . . .     Gourm    .   (no shield)
rNeg     + . .     Faith    .   (helmet restricted)
rPois    .         Spirit   .   (no amulet)
rElec    .         Reflect  .   k - ring of magical power
rCorr    .         Harm     .   n - ring of positive energy
MR       .....                  (no ring)
Stlth    +++++.....             (no ring)
HPRegen  0.09/turn              (no ring)
MPRegen  0.13/turn              (no ring)
                                (no ring)
                                (no ring)

@: no status effects
A: almost no armour, stealthy swim, amphibious, 8 rings, constrict 8, camouflage
1, gelatinous body 1
a: no special abilities


You were on level 2 of the Dungeon.
You were not hungry.

You visited 1 branch of the dungeon, and saw 2 of its levels.

You collected 79 gold pieces.

Inventory:

Hand Weapons
 a - a +2 dagger (weapon)
Missiles
 b - 37 poisoned darts (quivered)
 c - 2 curare-tipped darts
Jewellery
 k - a ring of magical power (left tentacle)
 n - a ring of positive energy (right tentacle)
Scrolls
 g - 2 scrolls of enchant armour {unknown}
 h - a scroll of blinking {unknown}
 i - 2 scrolls of teleportation {unknown}
 j - 2 scrolls of noise {unknown}
 l - 2 scrolls of identify {unknown}
 m - 2 scrolls of fear {unknown}
Potions
 e - a potion of curing
Comestibles
 d - 2 rations


   Skills:
 + Level 2.2 Fighting
 + Level 2.4 Short Blades
 + Level 2.1 Throwing
 + Level 1.2 Dodging
 + Level 7.3 Stealth


You had 3 spell levels left.
You didn't know any spells.
Your spell library was empty.

Dungeon Overview and Level Annotations

Branches:
Dungeon (2/15)

Altars:

Annotations:
D:2 Robin


Innate Abilities, Weirdness & Mutations

You cannot wear most types of armour.
You are very stealthy in the water. (Stealth+)
You are amphibious.
You can wear up to eight rings at the same time.
You can use your tentacles to constrict eight enemies at once.
Your skin changes colour to match your surroundings (Stealth+).
Your rubbery body absorbs attacks. (AC +1, EV +1)


Message History

The hobgoblin throws a stone.
The stone closely misses you. Robin misses you.
The goblin hits you with a +4 dagger!
You completely miss Robin. Your grab misses Robin.
Robin hits you with a +0 club.
You barely miss Robin. Your grab misses Robin. Robin throws the goblin at you!
The goblin barely misses you.
The goblin shouts!
The goblin misses you. Robin throws the goblin at you!
Robin roars a battlecry!
The goblin goes into a battle-frenzy!
The goblin barely misses you. The goblin hits you but does no damage.
You hit the hobgoblin. You grab the hobgoblin.
The hobgoblin is heavily wounded.
You constrict the hobgoblin. The goblin hits you with a +4 dagger.
The goblin hits you with a +0 club!
* * * LOW HITPOINT WARNING * * *
The hobgoblin completely misses you. The goblin barely misses you.
You release your grip on the hobgoblin.
The hobgoblin hits you with a +0 club.
You die...

....##.......#########..#........
..#.##.......# ##.#........
....#####...(##########..........
......##.....<.#...........<^....
#.......(......+.................
......)..##.)..#.................
##..[####.....g.........#...#..#§
##.### ##.....ggg......#[.......
...# #....gg@.......##<....#.
#### #......##########..[..#§
#......# #.....#. #......#
#.....#g #......# #..)....
#......# #.....#. ########
#.....#. #.....#) .#####..#÷


You could see Robin, 2 hobgoblins and 3 goblins.

Vanquished Creatures
  An adder (D:2)
  2 worms (D:2)
  2 dart slugs
  6 leopard geckos
  2 ball pythons (D:1)
  2 giant cockroaches (D:1)
  4 hobgoblins
  3 jackals (D:1)
  5 bats (D:1)
  3 frilled lizards
  11 goblins
  7 kobolds
  7 rats
55 creatures vanquished.

Notes
Turn   | Place    | Note
-------+----------+-------------------------------------------
     0 | D:1      | Exodus22XD the Octopode Assassin began the quest for the
                  | Orb.
     0 | D:1      | Reached XP level 1. HP: 14/14 MP: 1/1
    88 | D:1      | Reached XP level 2. HP: 19/19 MP: 2/2
   131 | D:1      | Reached skill level 6 in Stealth
   359 | D:1      | Reached XP level 3. HP: 24/24 MP: 3/3
  1073 | D:2      | Reached skill level 7 in Stealth
  1080 | D:2      | Reached XP level 4. HP: 29/29 MP: 4/4
  1224 | D:2      | Noticed Robin
  1656 | D:2      | HP: 1/29 [goblin/+0 club[Robin] (9)]
  1657 | D:2      | Slain by a hobgoblin

Illustrated notes

Levels and vault maps discovered:
D:1:      minmay_arrival_checkered_box, layout_basic, serial_bayou_crossing
D:2:      layout_basic, vehumet_crystals, first_ration, uniq_robin

Skill      XL: |  1  2  3 |
---------------+----------+-----
Stealth        | 6 7 |  7.3
Fighting       | |  2.2
Short Blades   | |  2.4
Throwing       | |  2.1
Dodging        | |  1.2

Action                   |  1- 3 |  4- 6 || total
-------------------------+-------+-------++-------
Melee: Dagger            |    68 |    42 ||   110
       Constrict         |    18 |    13 ||    31
       Tentacles         |    12 |    10 ||    22
  Use: Potion            |     1 |       ||     1
 Stab: Sleeping          |    15 |       ||    15
  Eat: Chunk             |       |     2 ||     2
Armor: Skin              |    12 |     5 ||    17
Dodge: Dodged            |    47 |    30 ||    77
